 Dungeon Crawl Stone Soup version 0.21-a0-156-g77413b7 (webtiles) character file.

51 Manul the Ducker (level 3, 0/19 HPs)
             Began as a Spriggan Abyssal Knight on Aug 4, 2017.
             Was a Follower of Lugonu.
             Succumbed to an adder's poison
             ... on level 2 of the Dungeon.
             The game lasted 00:02:30 (1997 turns).

Manul the Ducker (Spriggan Abyssal Knight)          Turns: 1997, Time: 00:02:31

Health: 0/19       AC:  2    Str:  8    XL:     3   Next: 58%
Magic:  5/5        EV: 20    Int: 13    God:    Lugonu [*.....]
Gold:   118        SH:  0    Dex: 16    Spells: 2/2 levels left

rFire    . . .     SeeInvis +   g - +0 rapier
rCold    . . .     Gourm    .   (shield restricted)
rNeg     . . .     Faith    .   b - +0 robe
rPois    .         Spirit   .   (helmet restricted)
rElec    .         Reflect  .   (no cloak)
rCorr    .         Harm     +   (gloves unavailable)
MR       .....                  (boots unavailable)
Stlth    ++........             i - amulet of harm
HPRegen  0.06/turn              e - ring of flight
MPRegen  0.09/turn              j - ring of see invisible

@: lethally poisoned (0 -> -1), very slightly contaminated, invisible, very
quick
A: unfitting armour, see invisible, herbivore 3, speed 3, slow metabolism 2
a: Depart the Abyss, Renounce Religion, Evoke Flight


You were on level 2 of the Dungeon.
You worshipped Lugonu.
Lugonu was aware of your devotion.
You were not hungry.

You visited 1 branch of the dungeon, and saw 3 of its levels.
You visited the Abyss 1 time.

You collected 118 gold pieces.

Inventory:

Hand Weapons
 a - a +1 short sword
 d - the +1 spear of Syjiox {flame, rC+ MR+ Str+2}
   (You found it on level 2 of the Abyss)

   It has been specially enchanted to burn those struck by it, causing extra
   injury to most foes and up to half again as much damage against particularly
   susceptible opponents.
   It affects your strength (+2).
   It protects you from cold.
   It affects your resistance to hostile enchantments.
 g - a +0 rapier (weapon)
Armour
 b - a +0 robe (worn)
Jewellery
 e - a ring of flight (left hand)
 i - an amulet of harm (around neck)
 j - a ring of see invisible (right hand)
Scrolls
 l - a scroll of enchant armour {unknown}
 m - a scroll of remove curse
 o - a scroll of teleportation {unknown}
 q - a scroll of fear
Potions
 n - a potion of magic
 p - a potion of flight
Comestibles
 c - a bread ration
 f - 4 royal jellies
 k - 3 fruits


   Skills:
 + Level 2.8 Fighting
 + Level 2.9 Short Blades
 + Level 0.1 Polearms
 + Level 4.4 Dodging
 + Level 1.2 Stealth
 + Level 1.9 Invocations


You had 2 spell levels left.
You didn't know any spells.

Dungeon Overview and Level Annotations

Branches:
Dungeon (3/15)

Altars:

Annotations:
D:2 Robin
D:3 Sigmund


Innate Abilities, Weirdness & Mutations

You are very small and have problems with some larger weapons.
You are too small for most types of armour.
You have supernaturally acute eyesight. (SInv)
You are a herbivore.
You cover ground extremely quickly.
You need consume almost no food.


Message History

Found a stone staircase leading up.
A worm comes into view.
A kobold comes into view. It is wielding a dagger.
* * * LOW HITPOINT WARNING * * *
You feel sick.
Found 23 arrows.
There is a stone staircase leading up here.
* * * LOW HITPOINT WARNING * * *
You feel sick.
You climb upwards.
Level annotation: Robin A rat comes into view.
Found 22 stones.
There is a stone staircase leading down here.
* * * LOW HITPOINT WARNING * * *
You feel sick.
A leopard gecko and a giant cockroach come into view.
The leopard gecko moves out of view.
Found a mace.
You die...

.# ##.# )... ...#
#..# #.. ##.. #.#
.#...
######@###...l.
##..........#...
##...............
#................
#................
#...............s
#................
#................
##..............#


There were no monsters in sight!

Vanquished Creatures
  2 adders
  A dart slug (D:1)
  3 leopard geckos
  5 bats
  5 goblins
  4 hobgoblins (D:1)
  A ball python (D:1)
  3 frilled lizards (D:1)
  2 kobolds (D:1)
  4 rats
30 creatures vanquished.

Notes
Turn   | Place    | Note
-------+----------+-------------------------------------------
     0 | Abyss:1  | Manul the Spriggan Abyssal Knight began the quest for the Orb.
     0 | Abyss:1  | Reached XP level 1. HP: 11/11 MP: 3/3
   116 | Abyss:1  | Found a corrupted altar of Lugonu.
   218 | Abyss:2  | Got a pitted spear
   219 | Abyss:2  | Identified the cursed +1 spear of Syjiox {flame, rC+ MR+ Str+2} (You found it on level 2 of the Abyss)
   314 | Abyss:2  | Noticed a raiju
   315 | Abyss:2  | Noticed a starcursed mass
   317 | Abyss:2  | Noticed a thrashing horror
   322 | D:1      | Escaped the Abyss
   412 | D:1      | Reached XP level 2. HP: 7/16 MP: 4/4
   672 | D:1      | Reached skill level 4 in Dodging
   710 | D:1      | Reached * piety under Lugonu
  1441 | D:2      | Reached XP level 3. HP: 9/19 MP: 5/5
  1846 | D:2      | Noticed Robin
  1936 | D:3      | Noticed Sigmund
  1976 | D:3      | Reached skill level 1 in Stealth
  1997 | D:2      | Succumbed to an adder's poison

Vault maps used:
D:1:      lemuel_arrival_muddy
D:2:      nemelex_xobeh_ov_fountains_minmay, minmay_misc_feat_x, uniq_robin
D:3:      uniq_grinder, uniq_sigmund
Abyss:2:  serial_sigils_hangedman_gut, minivault_11

Skill      XL: |  1  2  3 |
---------------+----------+-----
Dodging        | 4 |  4.4
Stealth        | 1 |  1.2
Fighting       | |  2.8
Short Blades   | |  2.9
Polearms       | |  0.1
Invocations    | |  1.9

Action                   || total
-------------------------++-------
Melee: Spear             ||    25
       Rapier            ||    88
Invok: Depart the Abyss  ||     1
  Use: Scroll            ||     2
       Potion            ||     5
 Stab: Invisible         ||     1
Armor: Robe              ||    12
Dodge: Dodged            ||   101
